SNL (28 & UNDER)
BLACKIRON DRAGONS @ MONTGOMERY BISCUITS
08/13/2023
 
TOP OF THE 1ST
BlackIron Dragons batting - Pitching for Montgomery Biscuits : RHP Mitch Brown
Pitching: RHP Mitch Brown
Batting: RHB Dallas Blair 0-0: Called Strike
0-1: Foul Ball, location: 2F
0-2: Ball
1-2: Strikes out looking
Batting: RHB Ed Sims 0-0: Ball
1-0: Called Strike
1-1: Swinging Strike
1-2: Strikes out swinging
Batting: RHB Robert Buckley 0-0: Called Strike
0-1: Called Strike
0-2: Ground out 6-3 (Groundball, 6)
Top of the 1st over - 0 run(s), 0 hit(s), 0 error(s), 0 left on base; BlackIron 0 - Montgomery 0
BOTTOM OF THE 1ST
Montgomery Biscuits batting - Pitching for BlackIron Dragons : LHP Frederick Cesti
Pitching: LHP Frederick Cesti
Batting: RHB Gabriel Miranda 0-0: Foul Ball, location: 2F
0-1: Foul Ball, location: 2F
0-2: Hit by Pitch
Batting: LHB John Haney 0-0: Ball
1-0: Fly out, F7 (Flyball, 7LM)
Batting: SHB Andrew Curran 0-0: Ball
1-0: Ball
2-0: Ball
3-0: Called Strike
3-1: Called Strike
3-2: Base on Balls
Gabriel Miranda to second
Batting: LHB José Flores 0-0: Ball
1-0: Ball
2-0: Swinging Strike
2-1: Ball
3-1: Base on Balls
Gabriel Miranda to third
Andrew Curran to second
Batting: RHB Jean-Paul St-Pierre 0-0: Called Strike
0-1: Ball
1-1: Ground out 3-1 (Groundball, 34S)
Gabriel Miranda scores
Andrew Curran to third
José Flores to second
Batting: RHB Dave Dawson 0-0: Called Strike
0-1: Ball
1-1: Ball
2-1: SINGLE (Groundball, 4M)
Andrew Curran scores
José Flores to third
Runner from 3rd tries for Home, SAFE, no throw or cutoff
Batting: RHB Vicente Carona 0-0: Ball
1-0: Swinging Strike
1-1: Ball
2-1: Called Strike
2-2: Strikes out swinging
Bottom of the 1st over - 3 run(s), 1 hit(s), 0 error(s), 1 left on base; BlackIron 0 - Montgomery 3
TOP OF THE 2ND
BlackIron Dragons batting - Pitching for Montgomery Biscuits : RHP Mitch Brown
Batting: RHB Jonah Duncan 0-0: Called Strike
0-1: Called Strike
0-2: Ball
1-2: Ball
2-2: Ball
3-2: Base on Balls
Batting: LHB Brian Roy 0-0: Ball
1-0: Ball
2-0: Called Strike
2-1: Ball
3-1: Base on Balls
Jonah Duncan to second
Batting: RHB Edgardo Carrasco 0-0: Called Strike
0-1: Ball
1-1: Foul Ball, location: 2F
1-2: Ball
2-2: Strikes out swinging
Batting: RHB Phil Jacobs 0-0: Ball
1-0: Foul Ball, location: 2F
1-1: Called Strike
1-2: Hit by Pitch
Jonah Duncan to third
Brian Roy to second
Batting: RHB José Colón 0-0: Swinging Strike
0-1: Ball
1-1: Swinging Strike
1-2: Grounds into double play, 6-4-3 (Groundball, 56)
Top of the 2nd over - 0 run(s), 0 hit(s), 0 error(s), 2 left on base; BlackIron 0 - Montgomery 3
BOTTOM OF THE 2ND
Montgomery Biscuits batting - Pitching for BlackIron Dragons : LHP Frederick Cesti
Batting: RHB Larry Mitchell 0-0: Foul Ball, location: 2F
0-1: Ground out 5-3 (Groundball, 5S)
Batting: RHB Pete Smith 0-0: Ball
1-0: Foul Ball, location: 2F
1-1: TRIPLE (Flyball, 8RXD)
Batting: RHB Gabriel Miranda 0-0: Ball
Wild Pitch!
Pete Smith scores
1-0: Foul Ball, location: 2F
1-1: Called Strike
1-2: Foul Ball, location: 2F
1-2: SINGLE (Groundball, 56D)
Batting: LHB John Haney 0-0: Ball
Gabriel Miranda steals 2nd base
1-0: Ball
2-0: Foul Ball, location: 2F
2-1: Foul Ball, location: 2F
2-2: Ball
3-2: Foul Ball, location: 2F
3-2: Strikes out swinging
Batting: SHB Andrew Curran 0-0: Ground out 5-3 (Groundball, 5)
Bottom of the 2nd over - 1 run(s), 2 hit(s), 0 error(s), 1 left on base; BlackIron 0 - Montgomery 4
TOP OF THE 3RD
BlackIron Dragons batting - Pitching for Montgomery Biscuits : RHP Mitch Brown
Batting: RHB Joaquín Rosales 0-0: Ball
1-0: Ground out 3-1 (Groundball, 34)
Batting: RHB Dallas Blair 0-0: Ball
1-0: Called Strike
1-1: Ball
2-1: Ball
3-1: Ground out 4-3 (Groundball, 4M)
Batting: RHB Ed Sims 0-0: Ball
1-0: Ball
2-0: Called Strike
2-1: Ground out 5-3 (Groundball, 5L)
Top of the 3rd over - 0 run(s), 0 hit(s), 0 error(s), 0 left on base; BlackIron 0 - Montgomery 4
BOTTOM OF THE 3RD
Montgomery Biscuits batting - Pitching for BlackIron Dragons : LHP Frederick Cesti
Batting: LHB José Flores 0-0: Ball
1-0: Ball
2-0: Foul Ball, location: 2F
2-1: Ground out 4-3 (Groundball, 4)
Batting: RHB Jean-Paul St-Pierre 0-0: Ball
1-0: Ball
2-0: Ball
3-0: Called Strike
3-1: Base on Balls
Batting: RHB Dave Dawson 0-0: Called Strike
0-1: Called Strike
0-2: SINGLE (Groundball, 56D)
Jean-Paul St-Pierre to second
Batting: RHB Vicente Carona 0-0: Foul Ball, location: 2F
0-1: Fly out, F7 (Flyball, 7M)
Batting: RHB Larry Mitchell 0-0: Called Strike
0-1: Ball
1-1: Ball
2-1: Ball
3-1: Swinging Strike
3-2: Base on Balls
Jean-Paul St-Pierre to third
Dave Dawson to second
Batting: RHB Pete Smith 0-0: Ball
1-0: Called Strike
1-1: Foul Ball, location: 2F
1-2: Ground out 5-3 (Groundball, 56)
Bottom of the 3rd over - 0 run(s), 1 hit(s), 0 error(s), 3 left on base; BlackIron 0 - Montgomery 4
TOP OF THE 4TH
BlackIron Dragons batting - Pitching for Montgomery Biscuits : RHP Mitch Brown
Batting: RHB Robert Buckley 0-0: Ball
1-0: Ball
2-0: Ground out 5-3 (Groundball, 5L)
Batting: RHB Jonah Duncan 0-0: Called Strike
0-1: DOUBLE (Groundball, 5L)
Batting: LHB Brian Roy 0-0: Fly out, F8 (Flyball, 8RXD)
Runner from 2nd tags up, SAFE at 3rd, no throw
Batting: RHB Edgardo Carrasco 0-0: Ball
1-0: Ball
2-0: Ball
3-0: Called Strike
3-1: Base on Balls
Batting: RHB Phil Jacobs 0-0: Called Strike
0-1: Called Strike
0-2: Ball
1-2: Strikes out looking
Top of the 4th over - 0 run(s), 1 hit(s), 0 error(s), 2 left on base; BlackIron 0 - Montgomery 4
BOTTOM OF THE 4TH
Montgomery Biscuits batting - Pitching for BlackIron Dragons : LHP Frederick Cesti
Batting: RHB Gabriel Miranda 0-0: Ball
1-0: Called Strike
1-1: Ball
2-1: Ball
3-1: Foul Ball, location: 2F
3-2: Base on Balls
Batting: LHB John Haney 0-0: Ball
1-0: Grounds into double play, 5-4-3 (Groundball, 56)
Batting: SHB Andrew Curran 0-0: Ball
1-0: SINGLE (Groundball, 56D)
Batting: LHB José Flores 0-0: Called Strike
0-1: Foul Ball, location: 2F
0-2: Foul Ball, location: 2F
0-2: Fly out, F8 (Line Drive, 8RXD)
Bottom of the 4th over - 0 run(s), 1 hit(s), 0 error(s), 1 left on base; BlackIron 0 - Montgomery 4
TOP OF THE 5TH
BlackIron Dragons batting - Pitching for Montgomery Biscuits : RHP Mitch Brown
Batting: RHB José Colón 0-0: Foul Ball, location: 2F
0-1: SINGLE (Line Drive, 3D)
Batting: RHB Joaquín Rosales 0-0: Ball
1-0: Called Strike
1-1: Foul Ball, location: 2F
1-2: Ball
2-2: Ball
3-2: SINGLE (Flyball, 9LS)
José Colón to second
Throwing error, E9
José Colón scores
Joaquín Rosales to second
Batting: RHB Dallas Blair 0-0: Ball
1-0: Called Strike
1-1: Ball
2-1: Ball
3-1: Base on Balls
Batting: RHB Ed Sims 0-0: Ball
1-0: Swinging Strike
1-1: SINGLE (Line Drive, 8RS)
Joaquín Rosales to third
Dallas Blair to second
Runner from 3rd tries for Home, throw and OUT!
Dallas Blair to third
Ed Sims to second
Batting: RHB Robert Buckley 0-0: Swinging Strike
0-1: Ball
1-1: Ball
2-1: Ball
3-1: Fly out, F3 (Popup, 23F)
Batting: RHB Jonah Duncan 0-0: Hit by Pitch
Batting: LHB Brian Roy 0-0: Ball
1-0: Foul Ball, location: 2F
1-1: Ball
2-1: Called Strike
2-2: Ground out U3 (Groundball, 3L)
Top of the 5th over - 1 run(s), 3 hit(s), 1 error(s), 3 left on base; BlackIron 1 - Montgomery 4
BOTTOM OF THE 5TH
Montgomery Biscuits batting - Pitching for BlackIron Dragons : LHP Frederick Cesti
Batting: RHB Jean-Paul St-Pierre 0-0: Called Strike
0-1: Ball
1-1: Ball
2-1: Ball
3-1: Base on Balls
Batting: RHB Dave Dawson 0-0: Foul Ball, location: 2F
0-1: Ball
1-1: Ball
2-1: Called Strike
2-2: Foul Ball, location: 2F
2-2: Strikes out swinging
Pitching: RHP Simón Amejorado
Batting: RHB Vicente Carona 0-0: Ball
Jean-Paul St-Pierre steals 2nd base
1-0: Called Strike
Throwing error on steal attempt, E2
Jean-Paul St-Pierre scores
1-1: Called Strike
1-2: SINGLE (Groundball, 6D)
Batting: RHB Larry Mitchell 0-0: Ball
1-0: Ball
2-0: Ball
3-0: Base on Balls
Vicente Carona to second
Batting: RHB Pete Smith 0-0: Called Strike
0-1: Ball
1-1: Fly out, F8 (Flyball, 89XD)
Runner from 2nd tags up, SAFE at 3rd, no throw
Batting: RHB Gabriel Miranda 0-0: Ball
1-0: Called Strike
1-1: Foul Ball, location: 2F
1-2: Strikes out swinging
Bottom of the 5th over - 1 run(s), 1 hit(s), 1 error(s), 2 left on base; BlackIron 1 - Montgomery 5
TOP OF THE 6TH
BlackIron Dragons batting - Pitching for Montgomery Biscuits : RHP Mitch Brown
Batting: RHB Edgardo Carrasco 0-0: Ball
1-0: Called Strike
1-1: Ground out 6-3 (Groundball, 6)
Batting: RHB Phil Jacobs 0-0: Called Strike
0-1: Ball
1-1: Ball
2-1: Foul Ball, location: 2F
2-2: Foul Ball, location: 2F
2-2: Strikes out looking
Batting: RHB José Colón 0-0: Ball
1-0: Ground out 6-3 (Groundball, 6)
Top of the 6th over - 0 run(s), 0 hit(s), 0 error(s), 0 left on base; BlackIron 1 - Montgomery 5
BOTTOM OF THE 6TH
Montgomery Biscuits batting - Pitching for BlackIron Dragons : RHP Simón Amejorado
Batting: LHB John Haney 0-0: Ground out 6-3 (Groundball, 6)
Batting: SHB Andrew Curran 0-0: Called Strike
0-1: Ball
1-1: Ground out 4-3 (Groundball, 4)
Batting: LHB José Flores 0-0: Called Strike
0-1: Ball
1-1: Swinging Strike
1-2: Ball
2-2: SINGLE (Groundball, 34D)
Batting: RHB Jean-Paul St-Pierre 0-0: Ball
1-0: Ground out 5-3 (Groundball, 5L)
Bottom of the 6th over - 0 run(s), 1 hit(s), 0 error(s), 1 left on base; BlackIron 1 - Montgomery 5
TOP OF THE 7TH
BlackIron Dragons batting - Pitching for Montgomery Biscuits : RHP Mitch Brown
Pitching: LHP Steve Billington
Batting: RHB Joaquín Rosales 0-0: Ball
1-0: Called Strike
1-1: Ball
2-1: Ball
3-1: Base on Balls
Batting: RHB Dallas Blair 0-0: Called Strike
0-1: Ball
1-1: Foul Ball, location: 2F
1-2: Ball
2-2: Ball
3-2: Base on Balls
Joaquín Rosales to second
Batting: RHB Ed Sims 0-0: SINGLE (Groundball, 56D)
Joaquín Rosales to third
Dallas Blair to second
Batting: RHB Robert Buckley 0-0: Swinging Strike
0-1: Called Strike
0-2: Ball
1-2: Strikes out swinging
Batting: RHB Jonah Duncan 0-0: Ball
1-0: Called Strike
1-1: Ball
2-1: Ball
3-1: Called Strike
3-2: Base on Balls
Joaquín Rosales scores
Dallas Blair to third
Ed Sims to second
Pinch Hitting: RHB Brian Jackson 0-0: Ball
1-0: Ball
2-0: Foul Ball, location: 2F
2-1: Grounds into double play, 4-6-3 (Groundball, 4)
Top of the 7th over - 1 run(s), 1 hit(s), 0 error(s), 2 left on base; BlackIron 2 - Montgomery 5
BOTTOM OF THE 7TH
Montgomery Biscuits batting - Pitching for BlackIron Dragons : RHP Simón Amejorado
Now in LF: Aurelio Torrez
Batting: RHB Dave Dawson 0-0: Foul Ball, location: 2F
0-1: Ground out 6-3 (Groundball, 6)
Pitching: RHP Esteban Hernández
Batting: RHB Vicente Carona 0-0: Ball
1-0: Foul Ball, location: 2F
1-1: Foul Ball, location: 2F
1-2: Strikes out swinging
Batting: RHB Larry Mitchell 0-0: Called Strike
0-1: Swinging Strike
0-2: Ball
1-2: Ball
2-2: Strikes out swinging
Bottom of the 7th over - 0 run(s), 0 hit(s), 0 error(s), 0 left on base; BlackIron 2 - Montgomery 5
TOP OF THE 8TH
BlackIron Dragons batting - Pitching for Montgomery Biscuits : LHP Steve Billington
Now at SS: Dave Williams
Batting: RHB Edgardo Carrasco 0-0: Ball
1-0: Called Strike
1-1: Ball
2-1: Foul Ball, location: 2F
2-2: Strikes out swinging
Batting: RHB Phil Jacobs 0-0: Foul Ball, location: 2F
0-1: Ball
1-1: Called Strike
1-2: Foul Ball, location: 2F
1-2: Ball
2-2: Foul Ball, location: 2F
2-2: Ball
3-2: Strikes out swinging
Batting: RHB José Colón 0-0: Ball
1-0: Called Strike
1-1: Called Strike
1-2: Foul Ball, location: 2F
1-2: Strikes out swinging
Top of the 8th over - 0 run(s), 0 hit(s), 0 error(s), 0 left on base; BlackIron 2 - Montgomery 5
BOTTOM OF THE 8TH
Montgomery Biscuits batting - Pitching for BlackIron Dragons : RHP Esteban Hernández
Batting: RHB Pete Smith 0-0: Ball
1-0: Ball
2-0: Ball
3-0: Called Strike
3-1: Base on Balls
Batting: RHB Gabriel Miranda 0-0: Called Strike
0-1: Ball
1-1: Ball
2-1: Called Strike
2-2: SINGLE (Groundball, 6MD)
Pete Smith to second
Batting: LHB John Haney 0-0: Bunted foul
0-1: Ball
1-1: Sac Bunt - play at first, batter OUT! 3-4
Pete Smith to third
Gabriel Miranda to second
Batting: SHB Andrew Curran 0-0: Ball
1-0: Foul Ball, location: 2F
1-1: Swinging Strike
1-2: Ball
2-2: Strikes out swinging
Batting: LHB José Flores 0-0: Ball
1-0: SINGLE (Line Drive, 8LS)
Pete Smith scores
Gabriel Miranda to third
Runner from 3rd tries for Home, SAFE, throw made home
José Flores to second
Batting: RHB Jean-Paul St-Pierre 0-0: Ball
1-0: Ball
2-0: Ball
3-0: Base on Balls
Batting: RHB Dave Williams 0-0: Ball
1-0: Ball
2-0: Swinging Strike
2-1: Ground out 6-3 (Groundball, 6)
Bottom of the 8th over - 2 run(s), 2 hit(s), 0 error(s), 2 left on base; BlackIron 2 - Montgomery 7
TOP OF THE 9TH
BlackIron Dragons batting - Pitching for Montgomery Biscuits : LHP Steve Billington
Batting: RHB Joaquín Rosales 0-0: Called Strike
0-1: Ball
1-1: Foul Ball, location: 2F
1-2: Ball
2-2: Fly out, F7 (Line Drive, 78M)
Batting: RHB Dallas Blair 0-0: Ball
1-0: Fly out, F9 (Flyball, 89M)
Pitching: LHP Gonzalo Martínez
Batting: RHB Ed Sims 0-0: Ball
1-0: Called Strike
1-1: Swinging Strike
1-2: Strikes out swinging
Top of the 9th over - 0 run(s), 0 hit(s), 0 error(s), 0 left on base; BlackIron 2 - Montgomery 7
This league is powered by Out of the Park Baseball, the baseball management simulation game for PC, Mac and Linux
Wednesday, December 2nd, 2015 - OOTP Baseball 16.8 Build 38